 Dungeon Crawl Stone Soup version 0.27-a0-1083-gcf8293e1eb (webtiles) character file.

Game seed: 5197867493188048386

106 Gaff the Magician (level 4, -4/31 HPs)
             Began as a Djinni Air Elementalist on Apr 26, 2021.
             Was a Follower of Fedhas.
             Killed by divine providence
             ... invoked by an orc priest
              (12 damage)
             ... on level 3 of the Dungeon.
             The game lasted 00:07:36 (2840 turns).

Gaff the Magician (Djinni Air Elementalist)         Turns: 2840, Time: 00:07:36

Health: -4/31      AC:  2    Str:  7    XL:     4   Next: 84%
Gold:   137        EV: 12    Int: 18    God:    Fedhas [*.....] SH:  0 Dex: 13

rFire    + + .     SeeInvis .   d - +0 short sword
rCold    x . .     Faith    .   (no shield)
rNeg     . . .     Spirit   .   a - +0 robe
rPois    ∞         Reflect  .   (no helmet)
rElec    .         Harm     .   (no cloak)
rCorr    .         Rampage  .   (no gloves)
Will     .....                  (boots unavailable)
Stlth    ++........             (no amulet)
HPRegen  0.10/turn              (no ring)
MPRegen  0.00/turn              (no ring)

@: swift, flying, very quick
A: fire resistance 2, cold vulnerability 1, float, innate caster, hp casting,
extra vitality 1
a: Renounce Religion


You were on level 3 of the Dungeon.
You worshipped Fedhas.
Fedhas was aware of your devotion.
You visited 1 branch of the dungeon, and saw 3 of its levels.

You collected 137 gold pieces.

Inventory:

Hand Weapons
 d - a +0 short sword (weapon)
Missiles
 g - 25 stones
Armour
 a - a +0 robe (worn)
 f - a +0 leather armour
 n - a +0 leather armour
Scrolls
 c - a scroll of noise {unknown}
 e - a scroll of summoning {unknown}
 h - 2 scrolls of fog {unknown}
 i - 2 scrolls of teleportation {unknown}
 k - 2 scrolls of identify {unknown}
 m - a scroll of blinking {unknown}
Potions
 b - 2 potions of mutation {unknown}
 j - a potion of lignification {unknown}
 l - 2 potions of might {unknown}


   Skills:
 + Level 1.7 Armour
 - Level 2.3 Dodging
 - Level 1.6 Stealth
 * Level 4.1 Spellcasting
 + Level 0.1 Invocations


You couldn't memorise any spells.
You knew the following spells:

 Your Spells              Type           Power      Damage    Failure   Level
a - Shock                 Conj/Air       72%        1d7       2%          1
b - Static Discharge      Conj/Air       18%        N/A       4%          2
c - Swiftness             Air            18%        N/A       8%          3
d - Airstrike             Air            9%         N/A       26%         4
e - Lightning Bolt        Conj/Air       9%         1d21      58%         5
f - Magic Dart            Conj           72%        1d6       2%          1
Your spell library was empty.

Dungeon Overview and Level Annotations

Branches:
Dungeon (3/15)

Altars:
Fedhas


Innate Abilities, Weirdness & Mutations

You are immune to poison.
Your flesh is very heat resistant. (rF++)
You are vulnerable to cold. (rC-)
You float through the air rather than walking.
You learn spells naturally, not from books.
Your magical power is your life essence.
You have superior vitality. (+4 HP)


Message History

The zap misses the orc priest.
The orc priest begins to cast a cantrip, but forgets the words!
Aiming: Shock (safe; 2% risk of failure)
Press: ? - help, Q - select action, (/) - cycle Shift-Dir - straight line, f/p - orc priest
Aim: an orc priest, wielding a +0 flail and wearing a +0 leather armour (heavily wounded, 71% to hit)
The zap misses the orc priest.
Aiming: Shock (safe; 2% risk of failure)
Press: ? - help, Q - select action, (/) - cycle Shift-Dir - straight line, f/p - orc priest
Aim: an orc priest, wielding a +0 flail and wearing a +0 leather armour (heavily wounded, 71% to hit)
The zap hits the orc priest but does no damage.
The orc priest is heavily wounded.
The orc priest invokes the aid of Beogh against you.
Beogh smites you!
* * * LOW HITPOINT WARNING * * *
You hear an angry hiss.
Aiming: Shock (safe; 2% risk of failure)
Press: ? - help, Q - select action, (/) - cycle Shift-Dir - straight line, f/p - orc priest
Aim: an orc priest, wielding a +0 flail and wearing a +0 leather armour (heavily wounded, 71% to hit)
The zap misses the orc priest.
* * * LOW HITPOINT WARNING * * *
Aiming: Shock (safe; 2% risk of failure)
Press: ? - help, Q - select action, (/) - cycle Shift-Dir - straight line, f/p - orc priest
Aim: an orc priest, wielding a +0 flail and wearing a +0 leather armour (heavily wounded, 71% to hit)
The zap hits the orc priest.
The orc priest is severely wounded.
* * * LOW HITPOINT WARNING * * *
Casting: Shock (safe; 2% risk of failure)
Confirm with . or Enter, or press ? or * to list all spells.
The spell is quite dangerous to cast (8% risk of failure)!
Continue anyway?
You feel quick.
* * * LOW HITPOINT WARNING * * *
An orc comes into view. It is wielding a +0 dagger.
The orc hits you but does no damage.
A frilled lizard comes into view.
The frilled lizard hisses angrily.
You hear a shout!
The frilled lizard moves out of view.
The orc priest mumbles some strange prayers to Beogh against you.
Beogh smites you!
You die...
Fedhas appreciates your contribution to the ecosystem.

..##.# ..#.# #)#.#
##...# #..o.# #.#.o#
#.#..# #.#..####
#...@...+
.+.#.###...###
.#.....)....#
.#....###.#.#######.#
##†#. ###.†.........#
. # #.........#####
#..(...##.#
#......<#.#
#.......#.#


You could see an orc priest and an orc.

Vanquished Creatures
  4 adders (D:2)
  2 worms (D:2)
  A dart slug (D:2)
  8 ball pythons
  4 bats
  5 endoplasms
  2 giant cockroaches
  A goblin (D:2)
  6 hobgoblins
  6 jackals (D:2)
  10 kobolds
  2 quokkas
  4 frilled lizards
  4 rats
59 creatures vanquished.

Notes
Turn   | Place    | Note
-------+----------+-------------------------------------------
     0 | D:1      | Gaff the Djinni Air Elementalist began the quest for the
                  | Orb.
     0 | D:1      | Reached XP level 1. HP: 15/15 MP: 0/0
     1 | D:1      | Noticed an electric eel
   402 | D:1      | Reached skill level 3 in Spellcasting
   402 | D:1      | Reached XP level 2. HP: 18/21 MP: 0/0
  1198 | D:1      | Reached XP level 3. HP: 23/25 MP: 0/0
  1198 | D:1      | Learned a level 1 spell: Magic Dart
  1482 | D:2      | Reached skill level 1 in Armour
  1698 | D:2      | Reached XP level 4. HP: 22/31 MP: 0/0
  1942 | D:2      | Reached skill level 4 in Spellcasting
  2204 | D:2      | Found a faded altar of an unknown god.
  2214 | D:2      | Became a worshipper of Fedhas Madash
  2214 | D:2      | Reached * piety under Fedhas
  2840 | D:3      | Killed from afar by an orc priest

Illustrated notes

Levels and vault maps discovered:
D:1:      arrival_aquarium_a, layout_basic
D:2:      layout_basic, hellmonk_ecumenical_altar_lost_god
D:3:      gammafunk_wand_slinger, layout_basic, amcnicky_altar_gilded,
          ebering_ghost_reflecting_pool

Skill      XL: |  1  2  3  4 |
---------------+-------------+-----
Spellcasting   | 3 4 |  4.1
Armour         | 1 |  1.7
Dodging        | |  2.3
Stealth        | |  1.6
Invocations    | |  0.1

Action                   |  1- 3 |  4- 6 || total
-------------------------+-------+-------++-------
Melee: Unarmed           |     1 |       ||     1
 Cast: Shock             |    68 |    55 ||   123
       Static Discharge  |     2 |     1 ||     3
       Magic Dart        |     1 |       ||     1
       Swiftness         |       |     1 ||     1
Armor: Robe              |     1 |     1 ||     2
Dodge: Dodged            |     3 |     1 ||     4

Table legend: (Time is in decaauts)
 A = Elapsed time spent in this place.
 B = Non-inter-level travel time spent in this place.
 C = Inter-level travel time spent in this place.
 D = Time resting spent in this place.
 E = Time spent auto-exploring this place.
 F = Levels seen in this place.
 G = Mean time per level.
                   A        B        C        D        E       F      G
               +--------+--------+--------+--------+--------+-----+--------+
         Total |   2841 |   2709 |    132 |    823 |   1541 |   3 |  947.0 |
       Dungeon |   2841 |   2709 |    132 |    823 |   1541 |   3 |  947.0 |
               +--------+--------+--------+--------+--------+-----+--------+

Top non-repeatable levels by time:
     D:2: 1404 daAuts
     D:1: 1367 daAuts
     D:3: 70 daAuts
